 Dungeon Crawl Stone Soup version 0.27-a0-681-g0c81a3c1c3 (webtiles) character file.

Game seed: 731435121251690883

9 Shayle the Grave Robber (level 2, 0/21 HPs)
             Began as a Palentonga Necromancer on Mar 20, 2021.
             Succumbed to an adder's poison
             ... on level 2 of the Dungeon.
             The game lasted 00:00:49 (227 turns).

Shayle the Grave Robber (Palentonga Necromancer)     Turns: 227, Time: 00:00:49

Health: 0/21       AC:  4    Str: 11    XL:     2   Next: 6%
Magic:  0/5        EV: 10    Int: 15    God:
Gold:   15         SH:  0    Dex: 10    Spells: 4/5 levels left

rFire    . . .     SeeInvis +   (no weapon)
rCold    . . .     Faith    .   (no shield)
rNeg     . . .     Spirit   .   a - +0 robe
rPois    .         Reflect  .   (no helmet)
rElec    .         Harm     .   (no cloak)
rCorr    .         Rampage  .   (no gloves)
Will     .....                  (no barding)
Stlth    +.........             (no amulet)
HPRegen  0.07/turn              (no ring)
MPRegen  0.09/turn              (no ring)

@: lethally poisoned (0 -> -7)
A: large, rugged brown scales 3, see invisible, deformed body, roll 1, armoured
tail
a: Rolling Charge


You were on level 2 of the Dungeon.
You visited 1 branch of the dungeon, and saw 2 of its levels.

You collected 15 gold pieces.

Inventory:

Armour
 a - a +0 robe (worn)


   Skills:
 + Level 0.8 Fighting
 + Level 1.8 Dodging
 - Level 1.2 Stealth
 + Level 2.2 Spellcasting
 - Level 4.0 Necromancy


You had 4 spell levels left.
You knew the following spells:

 Your Spells              Type           Power      Damage    Failure   Level
a - Pain                  Necr           52%        1d6       4%          1

Your spell library contained the following spells:

 Spells                   Type           Power      Damage    Failure   Level
 Animate Skeleton         Necr           26%        N/A       4%          1
 Vampiric Draining        Necr           6%         2d6       13%         3
 Animate Dead             Necr           6%         N/A       38%         4
 Agony                    Necr           13%        N/A       75%         5


Dungeon Overview and Level Annotations

Branches:
Dungeon (2/15)

Altars:


Innate Abilities, Weirdness & Mutations

You are completely covered in rugged brown scales. (AC +3, +7% HP)
You have supernaturally acute eyesight. (SInv)
Armour fits poorly on your strangely shaped body.
You can roll at nearby foes to attack.
You have a long armoured tail.


Message History

You hit the adder but do no damage.
The adder is almost dead.
The adder bites you.
You closely miss the adder.
The adder is almost dead.
The adder barely misses you.
You hit the adder.
The adder is almost dead.
The adder barely misses you. x2
You barely miss the adder.
The adder is almost dead.
The adder bites you.
You are lethally poisoned!
The adder poisons you!
You barely miss the adder.
Your tail-slap misses the adder.
The adder is almost dead.
You feel sick. The adder bites you but does no damage.
Unknown command.
You barely miss the adder.
Your tail-slap misses the adder.
The adder is almost dead.
The adder bites you.
* * * LOW HITPOINT WARNING * * *
You are more poisoned.
The adder poisons you! The adder bites you but does no damage.
You aren't carrying any potions.
Unknown command.
You barely miss the adder.
The adder is almost dead.
* * * LOW HITPOINT WARNING * * *
You feel sick. The adder barely misses you.
Unknown command.
Casting: Pain (safe; 4% risk of failure)
Confirm with . or Enter, or press ? or * to list all spells.
Aiming: Pain (safe; 4% risk of failure)
Press: ? - help, Shift-Dir - straight line, f/p - adder
Aim: an adder (almost dead, chance to affect: 77%)
The adder writhes in agony.
You kill the adder!
You have reached level 2!
You die...

... .....#
.<.. ..)..##
... ......
.## .. .>..#
..# #. ...#
#.# #.##.>.
#.# #..#.#
#.# ##.@.#
#.# #..###
#.# #..# #<##
###..#
#..#####....#
##.......##.#
##..######.#
#.... ...
#.....# ##.w


There were no monsters in sight!

Vanquished Creatures
  An adder (D:2)
  A frilled lizard (D:1)
2 creatures vanquished.

Notes
Turn   | Place    | Note
-------+----------+-------------------------------------------
     0 | D:1      | Shayle the Palentonga Necromancer began the quest for the
                  | Orb.
     0 | D:1      | Reached XP level 1. HP: 13/13 MP: 3/3
   227 | D:2      | Reached XP level 2. HP: 1/21 MP: 0/5
   227 | D:2      | Succumbed to an adder's poison

Illustrated notes

Levels and vault maps discovered:
D:1:      dpeg_arrival_central, layout_loops_ring
D:2:      layout_rooms, makhleb_blood_cavern_becter, lemuel_round_altar,
          serial_shops, nicolae_shop_competitors_out_of_business, fedhas_altar_1

Action                   || total
-------------------------++-------
Melee: Unarmed           ||     9
 Cast: Pain              ||     7
Armor: Robe              ||    17
Dodge: Dodged            ||    15

Table legend: (Time is in decaauts)
 A = Elapsed time spent in this place.
 B = Non-inter-level travel time spent in this place.
 C = Inter-level travel time spent in this place.
 D = Time resting spent in this place.
 E = Time spent auto-exploring this place.
 F = Levels seen in this place.
 G = Mean time per level.
                   A        B        C        D        E       F      G
               +--------+--------+--------+--------+--------+-----+--------+
         Total |    226 |    226 |      0 |    137 |     11 |   2 |  113.0 |
       Dungeon |    226 |    226 |      0 |    137 |     11 |   2 |  113.0 |
               +--------+--------+--------+--------+--------+-----+--------+

Top non-repeatable levels by time:
     D:2: 163 daAuts
     D:1: 63 daAuts
